 Dungeon Crawl Stone Soup version 0.21-a0-94-gdd6ab6a (console) character file.

36 asdu the Vexing (level 3, -13/17 HPs)
             Began as a Spriggan Arcane Marksman on July 2, 2017.
             Killed from afar by a purple draconian (22 damage)
             ... with a bolt of dispelling energy
             ... on level 1 of the Abyss.
             The game lasted 00:07:39 (913 turns).

asdu the Vexing (Spriggan Arcane Marksman)           Turns: 913, Time: 00:07:40

Health: -13/17     AC:  2    Str:  7    XL:     3   Next: 19%
Magic:  15/15      EV: 18    Int: 14    God:
Gold:   97         SH:  0    Dex: 16    Spells: 1/4 levels left

rFire    . . .     SeeInvis +   w - +0 hand crossbow
rCold    . . .     Gourm    .   (shield restricted)
rNeg     . . .     Faith    .   a - +0 robe
rPois    .         Spirit   .   (helmet restricted)
rElec    .         Reflect  .   (no cloak)
rCorr    .         Harm     .   (gloves unavailable)
MR       .....                  (boots unavailable)
Stlth    ++........             m - amulet of inaccuracy (curse)
HPRegen  0.05/turn              j - ring of magical power
MPRegen  0.14/turn              (no ring)

@: very quick
A: unfitting armour, see invisible, herbivore 3, speed 3, slow metabolism 2
a: no special abilities


You were on level 1 of the Abyss.
You were not hungry.

You visited 1 branch of the dungeon, and saw 2 of its levels.
You visited the Abyss 1 time.

You collected 97 gold pieces.

Inventory:

Hand Weapons
 e - a +0 short sword
 g - a +1 spear of distortion
 w - a +0 hand crossbow (weapon)
Missiles
 d - 38 bolts (quivered)
 k - 41 stones
 l - 3 needles of confusion
Armour
 a - a +0 robe (worn)
Jewellery
 j - a ring of magical power (left hand)
 m - a cursed amulet of inaccuracy (around neck)
Scrolls
 b - 2 scrolls of magic mapping
 h - a scroll of teleportation {unknown}
 i - a scroll of enchant armour {unknown}
Potions
 n - a potion of lignification
Books
 c - a book of Debilitation

   Spells                             Type                      Level
   a - Corona                         Hexes                        1
   b - Slow                           Hexes                        2
   c - Inner Flame                    Hexes/Fire                   3
   d - Portal Projectile              Hexes/Translocation          3
   e - Cause Fear                     Hexes                        4
   f - Leda's Liquefaction            Hexes/Earth                  4
Comestibles
 f - a bread ration


   Skills:
 - Level 0.7 Fighting
 * Level 3.2 Crossbows
 - Level 3.0 Dodging
 - Level 2.5 Stealth
 + Level 1.3 Spellcasting
 + Level 3.6 Hexes


You had one spell level left.
You knew the following spells:

 Your Spells              Type           Power        Failure   Level  Hunger
a - Corona                Hex            ##.....      6%          1    ##.....
x - Slow                  Hex            ##......     9%          2    ###....


Dungeon Overview and Level Annotations

Branches:
Dungeon (2/15)

Altars:


Innate Abilities, Weirdness & Mutations

You are very small and have problems with some larger weapons.
You are too small for most types of armour.
You have supernaturally acute eyesight. (SInv)
You are a herbivore.
You cover ground extremely quickly.
You need consume almost no food.


Message History

Found a glaive. 4 spatial vortices and a ynoxinul come into view.
The ynoxinul bellows!
You hear a bellow!
You hear a roar!
The spatial vortex moves out of view.
The ynoxinul gestures.
The spatial vortex moves out of view.
A spatial vortex comes into view.
A spatial vortex comes into view.
The spatial vortex moves out of view.
A spatial vortex comes into view.
A spatial vortex and a purple draconian come into view.
A spatial vortex comes into view.
Found 25 bolts.
A ynoxinul comes into view.
The ufetubus shouts!
The purple draconian closely misses you.
The purple draconian breathes dispelling energy at you.
The bolt of dispelling energy hits you!
Ouch! That really hurt!
You die...

...#..###.###
##.#.##)...## .
##......#...#ยง.####
# ##.######..#....##
.........#.##3...#
## ##..... .#3#5#..#
#.. #.#..#...# ##
#..v##.5###
#.....vd.@.#
#.v##...#..#
...v....#....#
..v#.#.#.##..#
v.#.#(### ... #.#.
#... # #... .#.#


You could see a purple draconian, 4 spatial vortices, 2 ynoxinuls and 2 ufetubi.

Vanquished Creatures
  An adder (D:2)
  2 bats (D:1)
  3 giant cockroaches (D:1)
  2 goblins (D:1)
  3 hobgoblins (D:1)
  3 jackals (D:2)
  2 frilled lizards
  5 kobolds (D:1)
  3 rats (D:1)
24 creatures vanquished.

Notes
Turn   | Place    | Note
-------+----------+-------------------------------------------
     0 | D:1      | asdu the Spriggan Arcane Marksman began the quest for the Orb.
     0 | D:1      | Reached XP level 1. HP: 9/9 MP: 3/3
   183 | D:1      | Reached skill level 1 in Stealth
   238 | D:1      | Reached XP level 2. HP: 14/14 MP: 5/5
   625 | D:2      | Reached XP level 3. HP: 15/17 MP: 6/6
   809 | D:2      | Learned a level 2 spell: Slow
   840 | D:2      | Cast into level 1 of the Abyss (a distortion unwield)
   866 | Abyss:1  | Noticed a large abomination
   869 | Abyss:1  | Noticed an apocalypse crab
   893 | Abyss:1  | Noticed a tentacled starspawn
   908 | Abyss:1  | Noticed a ynoxinul
   908 | Abyss:1  | Noticed a spatial vortex
   908 | Abyss:1  | Noticed a spatial vortex
   908 | Abyss:1  | Noticed a spatial vortex
   908 | Abyss:1  | Noticed a spatial vortex
   909 | Abyss:1  | Noticed a spatial vortex
   909 | Abyss:1  | Noticed a spatial vortex
   910 | Abyss:1  | Noticed a spatial vortex
   911 | Abyss:1  | Noticed a purple draconian
   911 | Abyss:1  | Noticed a spatial vortex
   911 | Abyss:1  | Noticed a spatial vortex
   912 | Abyss:1  | Noticed a ynoxinul
   913 | Abyss:1  | Killed from afar by a purple draconian

Vault maps used:
D:1:      minmay_arrival_widening_spiral_wide, kennysheep_crisscross
D:2:      corexii_hall_statues_u, minmay_tetromino_l4

Skill      XL: |  1  2 |
---------------+-------+-----
Stealth        | 1 2 |  2.5
Crossbows      | 3 |  3.2
Fighting       | |  0.7
Dodging        | |  3.0
Spellcasting   | |  1.3
Hexes          | |  3.6

Action                   || total
-------------------------++-------
Melee: Mace              ||    29
       Short sword       ||    28
 Fire: Hand crossbow     ||    28
Throw: Stone             ||     1
 Cast: Corona            ||     8
  Use: Scroll            ||     4
       Potion            ||     1
 Stab: Distracted        ||     1
Armor: Robe              ||     7
Dodge: Dodged            ||    74
